Map: Neon Violet Square LE

Players

Brain

  • Race: Zerg Zerg
  • League: Master
  • Spawn Location: 5:00

JuanPunchMan - Winner!

  • Race: Protoss Protoss
  • League: Master
  • Spawn Location: 11:00

VOD

Have the link to the VOD?

Description

Time

  • Played on: Feb. 16, 2018, 12:22 p.m.
  • Length: 18:18
Show
View Real Time Build Order
Export as new Build Order

Brain Zerg 

Build Orders: Hatch First, Lurkers 

Get SALT Encoding   

  12  0:01  Drone  
  13  0:13  Overlord  
  13  0:18  Drone  
  14  0:33  Drone  
  14  0:34  Drone  
  16  0:37  Drone  
  17  0:55  Hatchery  
  16  0:58  Drone  
  16  1:01  Drone  
  18  1:13  Extractor  
  18  1:16  Spawning Pool  
  16  1:21  Drone  
  16  1:23  Drone  
  18  1:31  Drone  
  19  1:41  Overlord  
  19  2:04  Zergling x2  
  19  2:05  Zergling x2  
  19  2:06  Queen  
  25  2:09  Drone  
  25  2:12  Metabolic Boost  
  25  2:13  Drone  
  25  2:29  Drone  
  26  2:30  Drone  
  26  2:32  Drone, Hatchery  
  26  2:36  Drone  
  28  2:46  Overlord  
  28  2:49  Drone  
  28  2:50  Drone  
  30  2:57  Drone  
  31  2:59  Queen  
  33  3:11  Queen  
  35  3:17  Drone x4  
  39  3:25  Drone  
  40  3:27  Overlord  
  40  3:37  Spore Crawler  
  39  3:44  Lair  
  39  3:47  Drone, Queen  
  39  3:48  Drone x2  
  44  3:49  Spore Crawler  
  40  4:02  Queen  
  40  4:08  Drone x4  
  45  4:10  Drone x2  
  45  4:11  Extractor, Drone  
  45  4:12  Drone x3  
  50  4:19  Drone x3  
  50  4:23  Extractor  
  52  4:30  Extractor  
  51  4:33  Drone x2  
  51  4:34  Drone  
  51  4:37  Drone x3  
  57  4:39  Overlord  
  57  4:40  Overlord  
  57  4:46  Spore Crawler  
  56  4:55  Hydralisk Den  
  56  4:58  Drone x6  
  56  4:59  Drone x3  
  64  5:09  Drone  
  64  5:11  Drone x3  
  68  5:23  Drone x5  
  68  5:27  Grooved Spines  
  73  5:29  Drone  
  73  5:32  Hatchery  
  71  5:57  Extractor x2  
  65  6:09  Drone  
  65  6:10  Drone x3  
  65  6:11  Drone x2  
  71  6:12  Drone x2  
  71  6:14  Drone  
  71  6:15  Evolution Chamber  
  71  6:16  Overlord x5  
  71  6:17  Overlord  
  73  6:36  Hydralisk x8  
  73  6:39  Muscular Augments  
  89  6:50  Zerg Missile Weapons Level 1  
  89  6:53  Drone  
  90  6:56  Drone x12  
  102  7:06  Lurker Den  
  102  7:07  Drone x2  
  102  7:08  Drone x2, Queen  
  107  7:18  Hydralisk x6  
  107  7:20  Overlord x3  
  119  7:23  Overseer  
  119  7:34  Hydralisk x4  
  119  7:35  Extractor  
  126  7:37  Overlord x3  
  126  7:43  Infestation Pit  
  125  7:50  Overlord x4  
  125  7:51  Hydralisk x7  
  139  8:08  Drone x4, Spine Crawler x2  
  139  8:09  Drone, Spine Crawler  
  139  8:10  Hydralisk x3, Spine Crawler  
  146  8:20  Hive  
  146  8:24  Extractor  
  145  8:33  Lurker  
  145  8:34  Lurker x8  
  154  8:36  Hydralisk  
  135  8:57  Hydralisk  
  135  8:58  Hydralisk x9  
  155  9:17  Zerg Missile Weapons Level 2  
  155  9:25  Lurker  
  155  9:26  Lurker  
  155  9:27  Lurker x2  
  159  9:33  Hatchery  
  158  9:38  Adaptive Talons  
  158  9:43  Spire  
  158  9:45  Hydralisk x3  
  142  9:58  Overseer x3  
  142  10:01  Hydralisk x4  
  150  10:21  Hydralisk x9  
  150  10:24  Zergling x2  
  150  10:25  Zergling x42, Extractor  
  150  10:27  Extractor  
  188  10:33  Hydralisk x3  
  156  10:44  Drone x3  
  156  10:45  Drone x3  
  145  10:58  Hydralisk  
  145  10:59  Hydralisk x12  
  154  11:12  Lurker x3  
  152  11:21  Zerg Flyer Weapons Level 1  
  152  11:24  Lurker x2  
  154  11:31  Zergling x10  
  154  11:32  Zergling x28  
  173  11:33  Hatchery  
  173  11:35  Zerg Missile Weapons Level 3  
  173  11:38  Hydralisk x4  
  177  12:14  Lurker x9  
  186  12:45  Extractor  
  186  12:46  Extractor  
  184  13:05  Corruptor x3  
  173  13:06  Corruptor x9  
  144  13:24  Corruptor x6  
  144  13:25  Corruptor x2  
  155  13:32  Drone x3  
  155  13:33  Drone x3  
  153  13:35  Corruptor x3  
  157  13:42  Zergling x16  
  157  13:43  Zergling x32  
  157  13:45  Zerg Flyer Weapons Level 2  
  180  13:50  Overseer  
  180  13:52  Overseer  
  180  14:00  Spine Crawler  
  180  14:02  Spine Crawler  
  178  14:14  Corruptor  
  180  14:33  Adrenal Glands, Zerg Melee Weapons Level 1  
  171  15:07  Corruptor x5  
  171  15:15  Zergling x4  
  171  15:16  Zergling x18  
  179  15:27  Hatchery  
  178  15:30  Spire  
  154  15:57  Corruptor x6  
  164  16:07  Burrow  
  164  16:12  Overlord x6  
  164  16:13  Overlord x7  
  156  16:26  Corruptor  
  156  16:27  Corruptor x6  
  156  16:32  Corruptor x8  
  158  16:33  Corruptor x3  
  180  16:43  Corruptor x2  
  180  16:44  Corruptor  
  178  16:48  Overseer x2  
  170  16:59  Overseer  
  170  17:13  Corruptor x4  
  171  17:32  Corruptor x2  
  171  17:33  Corruptor x2  
  169  17:43  Extractor  
  164  17:44  Extractor  
Show
View Real Time Build Order
Export as new Build Order

JuanPunchMan Protoss - Winner!

Build Orders: 1 Gate Expand, Oracle Opening, Zealot Archon, Colossus Rush 

Get SALT Encoding   

  12  0:00  Probe  
  13  0:13  Probe  
  14  0:20  Pylon  
  14  0:25  Probe (Chrono Boost)  
  15  0:39  Gateway, Probe (Chrono Boost)  
  16  0:46  Probe (Chrono Boost)  
  16  0:49  Assimilator  
  17  0:53  Probe  
  18  1:05  Probe  
  19  1:18  Probe  
  20  1:26  Nexus  
  20  1:36  Cybernetics Core  
  20  1:39  Probe  
  21  1:46  Assimilator  
  21  1:51  Probe  
  22  1:55  Pylon  
  22  2:04  Probe (Chrono Boost)  
  24  2:15  Stargate  
  24  2:16  Probe (Chrono Boost)  
  24  2:18  Adept (Chrono Boost)  
  26  2:22  Probe (Chrono Boost)  
  26  2:29  Warp Gate  
  27  2:31  Probe (Chrono Boost)  
  28  2:43  Probe x2 (Chrono Boost)  
  30  2:45  Adept  
  30  2:49  Probe (Chrono Boost)  
  34  2:51  Probe (Chrono Boost)  
  34  2:57  Probe  
  34  2:58  Oracle (Chrono Boost)  
  35  3:02  Probe  
  39  3:09  Probe  
  40  3:14  Probe  
  40  3:17  Pylon  
  41  3:21  Probe, Twilight Council  
  41  3:27  Probe  
  43  3:28  Assimilator  
  44  3:35  Probe (Chrono Boost)  
  44  3:38  Robotics Facility  
  44  3:39  Probe (Chrono Boost)  
  44  3:41  Assimilator  
  47  3:50  Probe (Chrono Boost)  
  47  3:51  Probe (Chrono Boost)  
  47  3:57  Probe  
  48  4:05  Probe  
  49  4:11  Gateway, Probe  
  49  4:15  Gateway  
  49  4:16  Gateway  
  50  4:18  Pylon  
  50  4:20  Probe  
  51  4:25  Warp Prism  
  53  4:31  Charge (Chrono Boost)  
  53  4:33  Nexus  
  53  4:41  Pylon  
  53  4:44  Pylon  
  53  4:48  Probe  
  53  4:49  Probe  
  55  4:54  Robotics Bay  
  55  5:01  Forge  
  55  5:04  Probe x2  
  57  5:15  Zealot  
  57  5:16  Zealot x2  
  57  5:17  Zealot  
  57  5:19  Probe  
  66  5:23  Probe  
  66  5:28  Pylon  
  67  5:31  Probe  
  67  5:34  Pylon  
  67  5:35  Probe  
  69  5:42  Protoss Ground Weapons Level 1 (Chrono Boost)  
  69  5:43  Probe  
  69  5:45  Zealot x3  
  69  5:49  Probe  
  69  5:50  Colossus (Chrono Boost)  
  73  5:59  Sentry  
  73  6:00  Sentry x3  
  73  6:01  Probe x2  
  73  6:02  Probe  
  80  6:06  Templar Archives  
  80  6:08  Assimilator  
  78  6:12  Assimilator  
  78  6:13  Probe  
  78  6:14  Extended Thermal Lance (Chrono Boost), Probe x2  
  81  6:25  Probe  
  82  6:26  Probe  
  82  6:28  Probe  
  84  6:35  Colossus (Chrono Boost)  
  84  6:37  Probe  
  84  6:39  Probe  
  92  6:40  Probe  
  92  6:41  Zealot  
  92  6:42  Zealot  
  92  6:45  High Templar  
  92  6:46  High Templar  
  101  6:51  Archon  
  101  6:52  Probe x2  
  103  7:01  Photon Cannon  
  103  7:02  Nexus  
  103  7:03  Photon Cannon  
  103  7:04  Pylon  
  103  7:10  Fleet Beacon  
  103  7:18  Colossus (Chrono Boost), Probe x2  
  103  7:19  Probe  
  112  7:28  Pylon  
  112  7:31  Stargate  
  112  7:32  Protoss Ground Weapons Level 2, Protoss Air Weapons Level 1  
  112  7:40  Probe x3  
  115  7:48  Assimilator  
  115  7:49  Shield Battery  
  115  7:50  Shield Battery  
  115  7:51  Assimilator  
  115  7:53  Shield Battery, Carrier (Chrono Boost)  
  115  7:55  Shield Battery  
  118  7:59  Shield Battery  
  118  8:02  Blink  
  118  8:13  Carrier (Chrono Boost)  
  118  8:17  Graviton Catapult  
  124  8:26  Immortal (Chrono Boost)  
  128  8:38  Stargate, Zealot  
  128  8:39  Zealot x3  
  128  9:00  Observer (Chrono Boost)  
  129  9:02  Zealot  
  129  9:03  Zealot x3  
  137  9:12  Stargate  
  137  9:16  Pylon  
  137  9:17  Pylon  
  137  9:18  Pylon  
  137  9:20  Protoss Air Weapons Level 2 (Chrono Boost)  
  137  9:30  Carrier (Chrono Boost)  
  137  9:38  Carrier x2 (Chrono Boost)  
  141  9:53  Protoss Shields Level 1 (Chrono Boost)  
  147  10:01  Zealot x4  
  147  10:05  Carrier (Chrono Boost)  
  155  10:21  Shield Battery, Photon Cannon  
  155  10:29  Zealot x3  
  155  10:30  Zealot  
  161  10:41  Carrier (Chrono Boost)  
  151  10:49  Carrier (Chrono Boost)  
  161  11:00  Carrier (Chrono Boost)  
  161  11:03  Nexus  
  161  11:06  Pylon  
  161  11:07  Pylon  
  161  11:14  Pylon  
  161  11:15  Immortal  
  161  11:17  Pylon  
  161  11:18  Pylon  
  163  11:19  Pylon  
  163  11:23  Pylon  
  163  11:26  Shield Battery  
  163  11:27  Shield Battery  
  163  11:29  Shield Battery  
  163  11:39  Photon Cannon  
  161  11:41  Photon Cannon  
  161  11:42  Photon Cannon  
  161  11:43  Carrier (Chrono Boost)  
  161  11:54  Assimilator  
  161  12:00  Assimilator  
  161  12:03  Photon Cannon  
  161  12:05  Photon Cannon  
  161  12:06  Photon Cannon  
  161  12:08  Photon Cannon  
  161  12:09  Photon Cannon  
  161  12:11  Protoss Shields Level 2 (Chrono Boost), Photon Cannon x2  
  161  12:12  Protoss Air Weapons Level 3 (Chrono Boost)  
  161  12:26  Psionic Storm  
  161  12:35  High Templar x4  
  169  12:58  Void Ray x3  
  155  13:22  Probe x5  
  142  13:34  Probe x5  
  139  13:40  High Templar  
  139  13:41  High Templar x3  
  155  13:46  Probe x2  
  157  14:02  Carrier (Chrono Boost)  
  157  14:03  Probe x4  
  157  14:04  Probe  
  157  14:08  Void Ray  
  170  14:15  Probe  
  171  14:19  Protoss Shields Level 3 (Chrono Boost)  
  171  14:26  Probe x4  
  175  14:33  High Templar  
  175  14:34  Void Ray  
  177  14:39  Protoss Air Armor Level 1 (Chrono Boost)  
  177  14:43  Void Ray  
  181  14:54  Pylon  
  181  15:00  Void Ray (Chrono Boost)  
  185  15:13  Mothership (Chrono Boost)  
  197  16:08  Photon Cannon  
  197  16:10  Photon Cannon  
  197  16:11  Photon Cannon  
  197  16:12  Photon Cannon  
  197  16:14  Photon Cannon  
  197  16:53  Void Ray  
  197  16:58  Pylon  
  197  17:02  Pylon  
  179  18:17  Archon x2  
Tags
 
Add a new tag
Caveats
  • Supply blocks, unpowered buildings, or Contaminate may cause inaccurate times.
  • Supply counts are checked every 10 seconds.